 Dungeon Crawl Stone Soup version 0.22-a0-833-g8522bf8 (webtiles) character file.

24 galech the Skirmisher (level 3, 39/40 HPs)
             Began as an Ogre Berserker on July 25, 2018.
             Was a Follower of Trog.
             Quit the game on level 1 of the Dungeon.
             The game lasted 00:01:15 (542 turns).

galech the Skirmisher (Ogre Berserker)               Turns: 542, Time: 00:01:15

Health: 39/40      AC:  3    Str: 22    XL:     3   Next: 2%
Magic:  3/3        EV: 10    Int:  8    God:    Trog [*.....]
Gold:   51         SH:  0    Dex:  8    Spells: 2/2 levels left

rFire    . . .     SeeInvis .   a - +0 mace
rCold    . . .     Gourm    .   (no shield)
rNeg     . . .     Faith    .   b - +0 animal skin
rPois    .         Spirit   .   (helmet restricted)
rElec    .         Reflect  .   (no cloak)
rCorr    .         Harm     .   (gloves unavailable)
MR       .....                  (boots unavailable)
Stlth    +.........             (no amulet)
HPRegen  0.13/turn              (no ring)
MPRegen  0.08/turn              (no ring)

@: no status effects
A: large, unfitting armour, tough skin 1
a: Berserk, Renounce Religion


You were on level 1 of the Dungeon.
You worshipped Trog.
Trog was aware of your devotion.
You were not hungry.

You visited 1 branch of the dungeon, and saw 1 of its levels.

You collected 51 gold pieces.

Inventory:

Hand Weapons
 a - a +0 mace (weapon)
Armour
 b - a +0 animal skin (worn)
Jewellery
 i - an uncursed amulet of magic regeneration {unknown}
Scrolls
 d - 2 scrolls of amnesia {unknown}
 k - a scroll of enchant weapon {unknown}
 l - a scroll of identify {unknown}
Potions
 e - a potion of agility {unknown}
 g - 2 potions of brilliance {unknown}
 h - a potion of cancellation {unknown}
 j - a potion of curing {unknown}
 m - a potion of flight {unknown}
Comestibles
 c - 2 rations
 f - 7 chunks of flesh


   Skills:
 + Level 4.4 Fighting
 + Level 3.2 Maces & Flails
 + Level 3.0 Dodging


You had 2 spell levels left.
You didn't know any spells.
Your spell library was empty.

Dungeon Overview and Level Annotations

Branches:
Dungeon (1/15)

Altars:


Innate Abilities, Weirdness & Mutations

You are too large for most types of armour.
You have tough skin. (AC +1)


Message History

No target in view!
No target in view!
No target in view!
No target in view!
No target in view!
No target in view!
No target in view!
No target in view!
No target in view!
No target in view!
No target in view!
No target in view!
You see here a bat corpse.
You butcher the bat corpse.
f - 7 chunks of flesh (gained 1)
You see here a leather armour.
A kobold comes into view. It is wielding a short sword.
The kobold throws a stone.
The stone hits you but does no damage.
You see here a stone.
Are you sure you want to abandon this character and quit the game? (Confirm with "yes".)

#.#....##.#.##.##..####.#
#...####.#.##.......##.#
##....##.#.#####..#)##.#
#...[...#.# ###.)#.##.#
####.####..........)..#
#......##.....#.##.#>##
#.##.#.##.....#.##.#.## #
#.#.##............##
(.#@# .. .#.......#
#.##.# #.##.#..# #. #..
#......)# .. ..##
#.##..).. #. #.# # #.##.#
#.# #. #.# #.# .. ..# #K#
.. #### ###


You could see a kobold.

Vanquished Creatures
  A ball python (D:1)
  5 bats (D:1)
  2 giant cockroaches (D:1)
  3 goblins (D:1)
  3 hobgoblins (D:1)
  4 kobolds (D:1)
  3 rats (D:1)
21 creatures vanquished.

Notes
Turn   | Place    | Note
-------+----------+-------------------------------------------
     0 | D:1      | galech the Ogre Berserker began the quest for the Orb.
     0 | D:1      | Reached XP level 1. HP: 24/24 MP: 1/1
    59 | D:1      | Reached XP level 2. HP: 14/32 MP: 2/2
   526 | D:1      | Reached XP level 3. HP: 38/40 MP: 3/3
   542 | D:1      | Quit the game

Vault maps used:
D:1:      dpeg_arrival_ternary

Skill      XL: |  1  2 |
---------------+-------+-----
Maces & Flails | 3 |  3.2
Dodging        | 3 |  3.0
Fighting       | |  4.4

Action                   || total
-------------------------++-------
Melee: Mace              ||    58
Armor: Animal skin       ||    25
Dodge: Dodged            ||    33

Table legend:
 A = Spawn XP
 B = Non-spawn XP
 C = Spawn XP percentage of total XP
 D = Spawn monster count
 E = Non-spawn monster count
 F = Spawn count percentage of total count
 G = Total turns spent on level
                    A         B        C        D         E        F      G
               +---------+---------+-------+---------+---------+-------+---------
         Total |       0 |      35 |   0.0 |       0 |      21 |   0.0 |   542
               +---------+---------+-------+---------+---------+-------+---------
           D:1 |       0 |      35 |   0.0 |       0 |      21 |   0.0 |   542
               +---------+---------+-------+---------+---------+-------+---------
